 Dungeon Crawl Stone Soup version 0.29.1-2-gbd0b4ee654 (webtiles) character file.

Game seed: 4912337773758610337

633 Raikaria the Conjurer (level 7, -2/54 HPs)
             Began as a Demonspawn Conjurer on Nov 7, 2022.
             Succumbed to a kobold brigand's poison
             ... on level 5 of the Dungeon.
             The game lasted 00:14:51 (4288 turns).

Raikaria the Conjurer (Demonspawn Conjurer)         Turns: 4288, Time: 00:14:51

Health: -2/54      AC:  7    Str:  7    XL:     7   Next: 24%
Magic:  4/13       EV: 12    Int: 21    God:
Gold:   196        SH:  0    Dex: 12    Spells: 3/14 levels left

rFire   + . .      SeeInvis .   u - +2 whip (venom)
rCold   . . .      Faith    .   (no shield)
rNeg    . . .      Spirit   .   a - +0 robe
rPois   .          Reflect  .   (helmet restricted)
rElec   .          Harm     .   (no cloak)
rCorr   .          Rampage  .   (no gloves)
Will    .....                   g - +0 pair of boots
Stlth   ++........              (no amulet)
HPRegen 0.18/turn               l - +4 ring of protection
MPRegen 0.26/turn               j - ring of protection from fire

@: mighty, brilliant, lethally poisoned (-2 -> -41)
A: hooves 1, horns 1, demonic guardian 1, magic regeneration, weakness stinger 1
a: no special abilities


You were on level 5 of the Dungeon.
You visited 1 branch of the dungeon, and saw 6 of its levels.

You collected 196 gold pieces.

Inventory:

Hand Weapons
 u - a +2 whip of venom (weapon)
Armour
 a - a +0 robe (worn)
 g - a +0 pair of boots (worn)
Jewellery
 c - a ring of resist corrosion
 j - a ring of protection from fire (right hand)
 k - an amulet of faith
 l - a +4 ring of protection (left hand)
 r - a ring of ice
Wands
 y - a wand of roots (11)
 z - a wand of quicksilver (5)
Scrolls
 d - 2 scrolls of butterflies {unknown}
 e - a scroll of summoning {unknown}
 i - 4 scrolls of identify {unknown}
 m - 4 scrolls of immolation {unknown}
 n - 4 scrolls of blinking {unknown}
 p - 2 scrolls of teleportation {unknown}
 v - a scroll of torment {unknown}
 x - a scroll of amnesia {unknown}
Potions
 b - 2 potions of magic
 f - 2 potions of lignification {unknown}
 h - a potion of might
 o - a potion of brilliance
 q - a potion of cancellation {unknown}
 s - a potion of curing {unknown}
 t - a potion of attraction {unknown}
 w - a potion of flight {unknown}
 A - a potion of degeneration {unknown}


   Skills:
 + Level 4.0 Fighting
 - Level 1.7 Dodging
 - Level 1.7 Stealth
 + Level 4.1 Spellcasting
 + Level 5.1 Conjurations
 + Level 4.0 Hexes


You had 3 spell levels left.
You knew the following spells:

 Your Spells              Type           Power      Damage    Failure   Level
a - Magic Dart            Conj           100%       1d8       1%          1
b - Searing Ray           Conj           76%        2d7       2%          2
c - Slow                  Hex            100%       N/A       2%          1
d - Dazzling Flash        Conj/Hex       70%        N/A       5%          3
e - Fulminant Prism       Conj/Hex       17%        3d11      19%         4

Your spell library contained the following spells:

 Spells                   Type           Power      Damage    Failure   Level
 Confusing Touch          Hex            31%        N/A       7%          3
 Ensorcelled Hibernation  Hex/Ice        38%        N/A       8%          2
 Beastly Appendage        Tmut           12%        N/A       12%         1
 Freeze                   Ice            24%        1d5       12%         1
 Conjure Flame            Conj/Fire      22%        6-21      12%         3
 Wereblood                Tmut           6%         N/A       19%         2
 Frozen Ramparts          Ice            12%        1d2       34%         3
 Ignite Poison            Fire/Tmut/Pois 6%         N/A       34%         3
 Spider Form              Tmut/Pois      6%         N/A       34%         3
 Vampiric Draining        Necr           6%         2d6       34%         3
 Hailstorm                Conj/Ice       22%        3d7       38%         4
 Iskenderun's Mystic Bla  Conj/Tloc      22%        2d6       38%         4
 Sticky Flame             Conj/Fire      22%        2d4       38%         4
 Anguish                  Hex/Necr       9%         N/A       45%         4


Dungeon Overview and Level Annotations

Branches:
Dungeon (6/15)             Temple (0/1) D:4

Altars:
Ashenzari
Dithmenos
Fedhas
Hepliaklqana
Kikubaaqudgha
Makhleb
Okawaru
Sif Muna
Vehumet


Innate Abilities, Weirdness & Mutations

You have large cloven feet.
You have a pair of small horns on your head.
A weak demonic guardian rushes to your aid.
You regenerate magic rapidly.
You have a small tail.


Message History

You feel sick.
The searing ray hits the kobold brigand!
The kobold brigand is heavily wounded.
The searing ray hits the kobold brigand.
The kobold brigand is lightly wounded.
You feel sick. The kobold brigand closely misses you.
The searing ray hits the kobold brigand.
The kobold brigand is heavily wounded.
The searing ray misses the kobold brigand.
You feel sick.
The kobold brigand hits you with a +2 dagger of venom.
You are more poisoned.
The searing ray misses the kobold brigand.
You finish channelling your searing ray.
You feel sick.
The kobold brigand hits you with a +2 dagger of venom.
You are more poisoned.
The kobold brigand hits you but does no damage.
You barely miss the kobold brigand.
You tail-slap the kobold brigand, but do no damage.
The kobold brigand is heavily wounded.
You feel very sick.
The kobold brigand hits you but does no damage.
You are more poisoned.
The kobold brigand hits you with a +2 dagger of venom.
Your magical contamination has completely faded away.
It was a potion of might.
You feel very mighty all of a sudden.
* * * LOW HITPOINT WARNING * * *
You feel very sick.
The kobold brigand hits you with a +2 dagger of venom.
* * * LOW HITPOINT WARNING * * *
You are more poisoned.
The kobold brigand hits you with a +2 dagger of venom!
* * * LOW HITPOINT WARNING * * *
A demonic guardian appears!
You are more poisoned.
It was a potion of brilliance.
You feel clever all of a sudden.
You die...

#........ #.........#
.........#####.........#
......... .............#
....!....(
.............#####
..........
...........).'....
...........
#............####. ..
#######............# #..
#.#....##....####'######..
#.......K@5..# #......#..
#..#..##K....#########.#..
#..##.....+............
#.K###....###...###.#..
##..#.......'...# #.#..
#).#.#######...# #.#..
..~~~≈#).#.# #.......#
#.#.. ..~~~≈#K.#.#
#[......# #.#.#
..#~≈##).#.# #.......# #.#


You could see 2 kobold brigands and a friendly ufetubus (summoned).

Vanquished Creatures
  2 ogres (D:4)
  Blork the orc (D:4)
  A necrophage (D:4)
  3 hounds
  2 orc wizards (D:4)
  Ijyb (D:4)
  8 adders
  4 dart slugs
  6 orcs
  6 ball pythons
  4 bats
  6 endoplasms
  A giant cockroach (D:4)
  6 goblins
  6 hobgoblins
  5 jackals
  14 kobolds
  3 quokkas
  A frilled lizard (D:1)
  6 rats
86 creatures vanquished.

Notes
Turn   | Place    | Note
-------+----------+-------------------------------------------
     0 | D:1      | Raikaria the Demonspawn Conjurer began the quest for the
                  | Orb.
     0 | D:1      | Reached XP level 1. HP: 13/13 MP: 3/3
   212 | D:1      | Gained mutation: A weak demonic guardian rushes to your
                  | aid. [demonic ancestry]
   212 | D:1      | Reached XP level 2. HP: 19/19 MP: 1/5
   357 | D:1      | Learned a level 2 spell: Searing Ray
   850 | D:1      | Discovered your monstrous ancestry.
   850 | D:1      | Gained mutation: You have a small tail. [demonic ancestry]
   850 | D:1      | Reached XP level 3. HP: 24/24 MP: 4/7
   891 | D:1      | Found a faded altar of an unknown god.
  1448 | D:2      | Found an iron altar of Okawaru.
  1853 | D:2      | Learned a level 1 spell: Slow
  2026 | D:3      | Gained mutation: You have a pair of small horns on your
                  | head. [demonic ancestry]
  2026 | D:3      | Reached XP level 4. HP: 31/31 MP: 6/8
  2466 | D:3      | Reached skill level 1 in Fighting
  2552 | D:4      | Reached skill level 5 in Conjurations
  2552 | D:4      | Reached skill level 1 in Hexes
  2552 | D:4      | Gained mutation: You regenerate magic rapidly. [demonic
                  | ancestry]
  2552 | D:4      | Reached XP level 5. HP: 35/37 MP: 2/10
  2607 | D:3      | Found a shadowy altar of Dithmenos.
  2613 | D:3      | Found a burning altar of Makhleb.
  2614 | D:3      | Found a radiant altar of Vehumet.
  2614 | D:3      | Found a hazy altar of Hepliaklqana.
  2614 | D:3      | Found an ancient bone altar of Kikubaaqudgha.
  2616 | D:3      | Found a shimmering blue altar of Sif Muna.
  2619 | D:3      | Found a broken altar of Ashenzari.
  2620 | D:3      | Found a blossoming altar of Fedhas.
  2728 | D:4      | Found a staircase to the Ecumenical Temple.
  2735 | D:4      | Noticed Blork the orc
  3305 | D:4      | Noticed an ogre
  3506 | D:4      | Killed Blork the orc
  3576 | D:4      | Noticed an ogre
  3583 | D:4      | Killed an ogre
  3584 | D:4      | Gained mutation: You have large cloven feet. [demonic
                  | ancestry]
  3584 | D:4      | Reached XP level 6. HP: 46/46 MP: 3/12
  3783 | D:5      | Entered Level 5 of the Dungeon
  3806 | D:4      | Reached XP level 7. HP: 53/53 MP: 7/13
  3810 | D:4      | Learned a level 3 spell: Dazzling Flash
  3815 | D:4      | Learned a level 4 spell: Fulminant Prism
  3935 | D:4      | Noticed Ijyb
  3944 | D:4      | Killed Ijyb
  4288 | D:5      | Succumbed to a kobold brigand's poison

Illustrated notes

Levels and vault maps discovered:
D:1:      scummos_arrival_simple_fountains, layout_basic,
          chequers_ecumenical_altar_island
D:2:      layout_loops_ring, basic_altar
D:3:      layout_basic, minitemple, minmay_quadrilaterals
D:4:      layout_rooms, minmay_temple_entry_arrows, uniq_ijyb,
          uniq_blork_the_orc
D:5:      cheibrodos_thug_alley, layout_basic, chequers_serial_rivers_micro_c,
          uniq_edmund
D:6:      layout_loops_cross, minmay_misc_feat_tiny

Skill      XL: |  1  2  3  4  5  6  7 |
---------------+----------------------+-----
Spellcasting   | 3 4 |  4.1
Fighting       | 1 2 3 4 |  4.0
Conjurations   | 5 |  5.1
Hexes          | 1 2 3 4 |  4.0
Dodging        | |  1.7
Stealth        | |  1.7

Action                   |  1- 3 |  4- 6 |  7- 9 || total
-------------------------+-------+-------+-------++-------
Melee: Unarmed           |     3 |       |       ||     3
       Dagger            |     2 |       |       ||     2
       Whip              |     3 |    40 |     5 ||    48
       Tailslap          |       |     6 |     2 ||     8
       Headbutt          |       |     4 |     1 ||     5
 Cast: Magic Dart        |    65 |    49 |    18 ||   132
       Searing Ray       |     2 |     7 |     3 ||    12
       Slow              |       |     5 |     1 ||     6
  Use: Potion            |       |       |     2 ||     2
Armor: Robe              |     1 |    17 |     3 ||    21
Dodge: Dodged            |     9 |    31 |     6 ||    46
